Cogmind - Beta 16.1 @@@ ROGUE MODE // 2026.03.16 @ 20:17:59 Player: CONM Result: Self-destructed Performance ------------- Evolutions (0) 0 Regions Visited (5) 1000 Robots Destroyed (9) 45 Value Destroyed (180) 180 Prototype IDs (7) 140 Alien Tech Used (0) 0 Bonus (330) 330 TOTAL SCORE: 1695 Bonus ------- Follower Combat Kills 30 Registered with UFD 300 Cogmind --------- Core Integrity 145/250 Matter 300/300 Energy 250/250 System Corruption 0% Temperature Cool (0) Movement Rolling (95) Ox1 Location -7/Scraptown Parts ------- > --- POWER (1) -------- Ion Engine > --- PROPULSION (2) --- Wheel Subdweller Monowheel > --- UTILITY (2) ------ Small Storage Unit V3-11A's Pendant > --- WEAPON (2) ------- Assault Rifle Ripper > --- INVENTORY (8) ---- Light Ion Engine Light Treads Light Treads High-capacity Matter Pod (200) Scrapoid Pod Assault Rifle DRS Beacon (Ready) Peak State ------------ > --- POWER ------------ Ion Engine > --- PROPULSION ------- Wheel Subdweller Monowheel > --- UTILITY ---------- Small Storage Unit V3-11A's Pendant > --- WEAPON ----------- Assault Rifle Ripper > --- INVENTORY -------- Light Ion Engine Light Treads Light Treads High-capacity Matter Pod Scrapoid Pod Assault Rifle DRS Beacon [Rating: 15] Favorites ----------- Power Ion Engine Engine Ion Engine Propulsion Wheel Wheel Wheel Utility Small Storage Unit Device V3-11A's Pendant Storage Small Storage Unit Protection Makeshift Kinetic Plating Weapon Assault Rifle Ballistic Gun Assault Rifle Slashing Weapon Ripper Build | -11 -10 -10 -10 -7 -7 ------- Run | Yrd Mat Min Sub Rec Scr Slots Evolved . | . . . . . . Power . | . . . . . . Propulsion . | . . . . . . Utility . | . . . . . . Weapon . | . . . . . . Parts Attached 12 | 6 1 . 5 . . Power 1 | 1 . . . . . Engine 1 | 1 . . . . . Core . | . . . . . . Reactor . | . . . . . . Propulsion 3 | 2 . . 1 . . Treads . | . . . . . . Leg . | . . . . . . Wheel 3 | 2 . . 1 . . Hover . | . . . . . . Flight . | . . . . . . Utility 5 | 1 1 . 3 . . Device 1 | . . . 1 . . Storage 2 | 1 1 . . . . Processor . | . . . . . . Hackware . | . . . . . . Protection 2 | . . . 2 . . Artifact . | . . . . . . Weapon 3 | 2 . . 1 . . Energy Gun . | . . . . . . Energy Cannon . | . . . . . . Ballistic Gun 2 | 2 . . . . . Ballistic Cannon . | . . . . . . Launcher . | . . . . . . Special Weapon . | . . . . . . Impact Weapon . | . . . . . . Slashing Weapon 1 | . . . 1 . . Piercing Weapon . | . . . . . . Special Melee Weapon . | . . . . . . Unidentified Prototypes 1 | . . . 1 . . Parts Lost 1 | . . . 1 . . Power . | . . . . . . Propulsion . | . . . . . . Utility 1 | . . . 1 . . Weapon . | . . . . . . Highest Loss Streak 1 | . . . 1 . . To Critical Strikes . | . . . . . . Average Backups 6 | 1 3 3 6 7 6 Power . | . 1 1 1 1 1 Propulsion 2 | 1 2 2 2 2 2 Utility 2 | . . . 2 3 2 Weapon . | . . . . 1 1 Tool/Special . | . . . . . . Unused Backups 9 | . . 2 1 . 6 Power 1 | . . . . . 1 Propulsion 3 | . . . 1 . 2 Utility 4 | . . 2 . . 2 Weapon . | . . . . . . Tool/Special 1 | . . . . . 1 Average Slot Usage (%) 97 | . 87 100 96 100 100 Engine 14 | . 14 14 14 14 14 Wheel 28 | . 28 28 28 28 28 Device 9 | . . . 6 14 14 Storage 14 | . 16 28 13 14 14 Protection 1 | . . . 4 . . Ballistic Gun 18 | . 28 28 23 14 14 Slashing Weapon 9 | . . . 4 14 14 Peak Build Rating 15 | 6 7 7 14 14 15 Average Rating 12 | 4 6 7 11 14 14 On Entrance 8 | . 6 7 7 14 14 Avg Prop Armor Cover (%) 5 | . . . . . 5 Naked Turns . | . . . . . . Heaviest Build 27 | 14 16 16 27 16 16 Greatest Support 30 | 20 20 20 30 30 30 Greatest Overweight (x) 1 | 1 . . 1 . 1 Average Overweight (x) . | . . . . . . Largest Inventory Capacity 8 | 8 8 8 8 8 8 Average Capacity 7 | 7 8 8 7 8 8 Most Carried 8 | 3 3 6 8 8 8 Average Carried 6 | 1 3 3 7 8 7 Final Capacity 8 | 8 8 8 8 8 8 Final Carried 8 | 3 3 4 8 8 8 Class Distribution -------------------- 100% | Mutant Dominant Class ---------------- Mutant | -10/Materials Mutant | -10/Mines Mutant | -10/Subcaves Mutant | -7/Recycling Mutant | -7/Scraptown Resources | -11 -10 -10 -10 -7 -7 ----------- Run | Yrd Mat Min Sub Rec Scr Matter Collected 465 | 218 26 50 171 . . Remotely . | . . . . . . Salvage Created 146 | . 26 . 120 . . Parts 13 | . 1 . 12 . . Haulers Intercepted . | . . . . . . Recyclers Shooed . | . . . . . . Parts Field Recycled . | . . . . . . Retrieved Matter . | . . . . . . Parts Self-Destructed 16 | . . . 16 . . Prevented . | . . . . . . Parts Restored . | . . . . . . Kills | -11 -10 -10 -10 -7 -7 ------- Run | Yrd Mat Min Sub Rec Scr Combat Hostiles Destroyed 9 | . 2 . 7 . . Guns 9 | . 2 . 7 . . Classes Destroyed 2 | . 1 . 1 . . Swarmer 6 | . 2 . 4 . . Subdweller 3 | . . . 3 . . Best Kill Streak 4 | . 2 . 4 . . Combat Bots Only 4 | . 2 . 4 . . Max Kills in Single Turn 2 | . 1 . 2 . . Gunslinging 1 | . . . 1 . . Exploded . | . . . . . . Melee . | . . . . . . Uniques/NPCs Destroyed . | . . . . . . Combat | -11 -10 -10 -10 -7 -7 -------- Run | Yrd Mat Min Sub Rec Scr Hostile Shots Fired 64 | . 10 . 37 17 . Missed 31 | . 5 . 18 8 . Hits 33 | . 5 . 19 9 . Projectile 33 | . 5 . 19 9 . AOE 5 | . . . 5 . . Critical Strikes 1 | . . . 1 . . Damage Taken 567 | . 40 . 461 66 . Core 105 | . 10 . 65 30 . Absorbed by Shields . | . . . . . . Core Remaining (%) 100 | 100 . . . . . Volleys Fired 20 | . 4 . 16 . . Largest 2 | . 2 . 2 . . Hottest 40 | . 40 . 40 . . Shots Fired 40 | . 8 . 32 . . Gun 40 | . 8 . 32 . . Cannon . | . . . . . . Launcher . | . . . . . . Special . | . . . . . . Kinetic 40 | . 8 . 32 . . Thermal . | . . . . . . Explosive . | . . . . . . Electromagnetic . | . . . . . . Robot Hit Streak 22 | . 2 . 22 . . Robot Miss Streak 2 | . 2 . 1 . . Penetration Max . | . . . . . . Secondary Targets 3 | . . . 3 . . Max Gunslinging Chain 1 | . . . 1 . . Shots Hit Robots 27 | . 3 . 24 . . Core Hits 11 | . 2 . 9 . . Critical Kills 1 | . . . 1 . . Critical Parts Destroyed . | . . . . . . Critical Strikes 1 | . . . 1 . . Destroy 1 | . . . 1 . . Melee Attacks 15 | . . . 15 . . Impact . | . . . . . . Slashing 15 | . . . 15 . . Piercing . | . . . . . . Sneak Attacks . | . . . . . . Combat Hostiles . | . . . . . . Follow-up Attacks . | . . . . . . Damage Inflicted 324 | . 34 . 290 . . Guns 324 | . 34 . 290 . . Cannons . | . . . . . . Explosions . | . . . . . . Melee . | . . . . . . Ramming . | . . . . . . Kinetic 324 | . 34 . 290 . . Thermal . | . . . . . . Explosive . | . . . . . . Electromagnetic . | . . . . . . Impact . | . . . . . . Slashing . | . . . . . . Piercing . | . . . . . . Highest Corruption . | . . . . . . Average Corruption . | . . . . . . Corruption Purged . | . . . . . . Corruption Blocked . | . . . . . . Overload Shots . | . . . . . . Overflow Damage . | . . . . . . Projectiles . | . . . . . . Explosions . | . . . . . . Melee . | . . . . . . Knockbacks . | . . . . . . Impact . | . . . . . . Kinetic . | . . . . . . Secondary . | . . . . . . Self-Inflicted Damage . | . . . . . . Shots . | . . . . . . Rammed . | . . . . . . Targets Rammed . | . . . . . . Kicked . | . . . . . . Crushed . | . . . . . . Highest Temperature . | . . . . . . Average Temperature . | . . . . . . Received Heat Transfer 48 | . . . 30 18 . Siege Activations . | . . . . . . Martial Activations . | . . . . . . Shielding Activations . | . . . . . . Robots Disrupted . | . . . . . . Combat Hostiles . | . . . . . . Robots Corrupted . | . . . . . . Combat Hostiles . | . . . . . . Parts Fried . | . . . . . . Impact Corruptions . | . . . . . . Robots Melted . | . . . . . . Combat Hostiles . | . . . . . . Parts Melted . | . . . . . . Heat Transferred . | . . . . . . Parts Sabotaged . | . . . . . . Parts Stolen . | . . . . . . Parts Stripped . | . . . . . . Power Chain Reactions . | . . . . . . Alert | -11 -10 -10 -10 -7 -7 ------- Run | Yrd Mat Min Sub Rec Scr Maximum Alert Level . | . . . . . . Low Security (%) 100 | 100 100 100 . 100 . Level 1 . | . . . . . . Level 2 . | . . . . . . Level 3 . | . . . . . . Level 4 . | . . . . . . Level 5 . | . . . . . . High Security . | . . . . . . Max Security . | . . . . . . Peak Influence 80 | . 80 23 . 72 . Initial 72 | . . 23 . 72 . Average 22 | . 28 13 . 29 . Influence Increases 370 | . 85 . 184 101 . Destroy 0b10 Robot/C 160 | . 40 . 120 . . Destroy Leader 10 | . 10 . . . . Allied During Kill 19 | . . . 19 . . Successful Hack 31 | . 5 . . 26 . Lose Combat Pursuer 150 | . 30 . 45 75 . Influence Decreases 370 | . 25 57 35 250 3 Entered New Map 123 | . . 37 3 80 3 Time Decay 207 | . 25 20 32 130 . Lost Ally 40 | . . . . 40 . Squads Dispatched . | . . . . . . Investigation . | . . . . . . Extermination . | . . . . . . Reinforcement . | . . . . . . Assault . | . . . . . . Garrison . | . . . . . . Intercept . | . . . . . . Searches Triggered . | . . . . . . Construction Impeded . | . . . . . . Haulers Reinforced . | . . . . . . Active Scanning Responses . | . . . . . . Cargo Convoy Interrupts . | . . . . . . Stealth | -11 -10 -10 -10 -7 -7 --------- Run | Yrd Mat Min Sub Rec Scr Distress Signals . | . . . . . . Communications Jammed . | . . . . . . Distress Signals . | . . . . . . Times Spotted 23 | . 4 . 14 5 . Peak Tracking Total 4 | . 3 . 4 4 . Tactical Retreats 6 | . 1 . 1 4 . Traps | -11 -10 -10 -10 -7 -7 ------- Run | Yrd Mat Min Sub Rec Scr Traps Triggered . | . . . . . . Indirectly . | . . . . . . Trap Hack Attempts . | . . . . . . Triggered . | . . . . . . Disarmed . | . . . . . . Reprogrammed . | . . . . . . Reused . | . . . . . . Traps Extracted . | . . . . . . Installed . | . . . . . . Triggered . | . . . . . . Machines | -11 -10 -10 -10 -7 -7 ---------- Run | Yrd Mat Min Sub Rec Scr Machines Disabled . | . . . . . . Max in Single Turn . | . . . . . . Machines Repaired . | . . . . . . Machines Dismantled . | . . . . . . Machines Sabotaged . | . . . . . . Overloaded Fab Kills . | . . . . . . Hacking | -11 -10 -10 -10 -7 -7 --------- Run | Yrd Mat Min Sub Rec Scr Machines Accessed 9 | . 2 . 1 6 . Terminals 7 | . 2 . . 5 . Fabricators . | . . . . . . Repair Stations . | . . . . . . Recycling Units . | . . . . . . Scanalyzers . | . . . . . . Garrison Access . | . . . . . . Total Hacks 27 | . 6 . 5 16 . Successful 17 | . 3 . 5 9 . Failed 10 | . 3 . . 7 . Catastrophic 4 | . . . . 4 . Database Lockouts . | . . . . . . Manual 16 | . 6 . . 10 . Terminals 19 | . 6 . . 13 . Fabricators . | . . . . . . Repair Stations . | . . . . . . Recycling Units . | . . . . . . Scanalyzers . | . . . . . . Garrison Access . | . . . . . . Terminal Hacks 10 | . . . 5 5 . Record 8 | . . . 5 3 . Terminal Index 1 | . . . . 1 . Zone Layout 1 | . . . . 1 . Fabricator Hacks . | . . . . . . Repair Station Hacks . | . . . . . . Recycling Unit Hacks . | . . . . . . Scanalyzer . | . . . . . . Garrison Access Hacks . | . . . . . . Unauthorized Hacks 7 | . 3 . . 4 . Terminals 7 | . 3 . . 4 . Track 2 | . 1 . . 1 . Botnet 5 | . 2 . . 3 . Fabricators . | . . . . . . Repair Stations . | . . . . . . Recycling Units . | . . . . . . Scanalyzers . | . . . . . . Garrison Access . | . . . . . . Data Cores Recovered . | . . . . . . Used . | . . . . . . Hacking Detections 7 | . 2 . . 5 . Full Trace Events . | . . . . . . Feedback Events . | . . . . . . Feedback Blocked . | . . . . . . Robot Schematics Acquired . | . . . . . . Robots Built . | . . . . . . Authchips . | . . . . . . Time . | . . . . . . Total Robot Build Rating . | . . . . . . Part Schematics Acquired . | . . . . . . Parts Built . | . . . . . . Authchips . | . . . . . . Time . | . . . . . . Total Part Build Rating . | . . . . . . Part Studies Acquired . | . . . . . . Parts Repaired . | . . . . . . Time . | . . . . . . Parts Recycled . | . . . . . . Recycled Matter . | . . . . . . Retrieved Matter . | . . . . . . Retrieved Components . | . . . . . . Parts Scanalyzed . | . . . . . . Part Schematics Acquired . | . . . . . . Parts Damaged . | . . . . . . Bothacking | -11 -10 -10 -10 -7 -7 ------------ Run | Yrd Mat Min Sub Rec Scr Used RIF Installer . | . . . . . . Robots Hacked . | . . . . . . Non-combat . | . . . . . . Combat . | . . . . . . Robot Hacks Applied . | . . . . . . Relay Couplers Released . | . . . . . . Fabnet Peak Effective % . | . . . . . . Robots Rewired . | . . . . . . Allies Hacked . | . . . . . . Hacks Repelled . | . . . . . . Allies | -11 -10 -10 -10 -7 -7 -------- Run | Yrd Mat Min Sub Rec Scr Total Allies 6 | . . . 6 . . Largest Group 5 | . . . 5 2 . Highest-Rated Group 95 | . . . 95 38 . Highest-Rated Ally 19 | . . . 19 19 . Total Orders . | . . . . . . Ally Attacks 17 | . . . 11 6 . Total Damage 277 | . . . 175 102 . Kills 3 | . . . 3 . . Allies Corrupted . | . . . . . . Allies Melted . | . . . . . . Intel | -11 -10 -10 -10 -7 -7 ------- Run | Yrd Mat Min Sub Rec Scr Active Infowar (turns) . | . . . . . . Robot Analysis Total . | . . . . . . Derelict Logs Recovered 2 | . . 1 . . 1 Drone Launches . | . . . . . . Drone Recoveries . | . . . . . . Exploration | -11 -10 -10 -10 -7 -7 ------------- Run | Yrd Mat Min Sub Rec Scr Turns Passed 3143 | 84 115 56 1295 277 1316 Spaces Moved 3167 | 63 121 65 1250 286 1382 Core 4 | 4 . . . . . Treads . | . . . . . . Legs . | . . . . . . Wheels 3163 | 59 121 65 1250 286 1382 Hover . | . . . . . . Flight . | . . . . . . Fastest Speed 50 | 50 80 80 80 95 95 Average Speed 93 | 78 80 80 94 95 95 Slowest Speed 100 | 100 80 80 95 95 95 Overloaded Moves . | . . . . . . Propulsion Burnouts . | . . . . . . Robots Hopped . | . . . . . . Potential Cave-ins . | . . . . . . Cave-ins Triggered . | . . . . . . Exploration Rate (%) 44 | 4 25 15 55 81 84 Regions Visited 5 Branch Regions 4 Pre-discovered Areas 2 | . . . 2 . . Known Exits Taken . | . . . . . . Unknown Exits Taken 5 | 1 1 1 1 1 . Scrap Searched 2 | . . . . . 2 Spaces Dug . | . . . . . . Terrain Destroyed . | . . . . . . Melee . | . . . . . . Projectile . | . . . . . . AOE . | . . . . . . Terrain Rammed . | . . . . . . Walls Destroyed . | . . . . . . Machines Disabled . | . . . . . . Actions | -11 -10 -10 -10 -7 -7 --------- Run | Yrd Mat Min Sub Rec Scr Total 3283 | 94 130 69 1314 291 1385 Wait 43 | 23 5 . 13 2 . Move 3162 | 62 120 64 1249 285 1382 Hop . | . . . . . . Pick Up 15 | 3 . 3 7 . 2 Fast Attach 10 | 6 1 . 3 . . Attach 1 | . . . 1 . . Detach . | . . . . . . Swap 4 | . . . 4 . . Drop 9 | . . 2 6 . 1 Fire 20 | . 4 . 16 . . Melee 15 | . . . 15 . . Ram . | . . . . . . Kick . | . . . . . . Crush . | . . . . . . Escape Stasis . | . . . . . . Rewire 4 | . . . . 4 . Trap . | . . . . . . Miscellaneous . | . . . . . . Route ------- -11/Scrapyard -10/Materials -10/Mines -10/Subcaves (discovered 2 exits: [*Mat] / *Rec) -7/Recycling (discovered 2 exits: [*Fac] / [*Scr]) -7/Scraptown (discovered 1 exit: [*Fac]) History --------- Turn | Location | Event 17 | -11/Scrapyard | Discovered new exit (range 13) 85 | -11/Scrapyard | Entered Materials 176 | -10/Materials | Discovered new exit (range 7) 200 | -10/Materials | Entered Mines 225 | -10/Mines | Learned Materials garrison access intel 254 | -10/Mines | Discovered new exit (range 3) 256 | -10/Mines | Entered Subcaves 257 | -10/Subcaves | Approached by a straggling Scientist 329 | -10/Subcaves | Build established: Mutant 360 | -10/Subcaves | Ambushed by Subdweller buried in earth 485 | -10/Subcaves | Visited Clippyterm 488 | -10/Subcaves | Learned Research machine intel 488 | -10/Subcaves | Learned location of Extension (-5) 935 | -10/Subcaves | Visited triangular shrine 941 | -10/Subcaves | Found Prototype Device 941 | -10/Subcaves | Identified V3-11A's Pendant 946 | -10/Subcaves | Befriended Subdweller 1063 | -10/Subcaves | Learned location of Zion (-7) 1063 | -10/Subcaves | Met a Zionite searching for "candidates" 1206 | -10/Subcaves | Befriended Subdweller 1221 | -10/Subcaves | Befriended Subdweller 1226 | -10/Subcaves | Befriended Subdweller 1426 | -10/Subcaves | Discovered new exit (range 11) 1436 | -10/Subcaves | Befriended Subdweller 1481 | -10/Subcaves | Discovered new exit (range 9) 1526 | -10/Subcaves | Befriended Subdweller 1529 | -10/Subcaves | A swath of the cavern ceiling suddenly collapsed 1551 | -10/Subcaves | Entered Recycling 1551 | -7/Recycling | Accompanied by 2 allies 1771 | -7/Recycling | Discovered new exit (range 15) 1800 | -7/Recycling | Scanned before Scraplab entrance 1814 | -7/Recycling | Entered Scraplab 1826 | -7/Recycling | Discovered new exit (range 2) 1828 | -7/Recycling | Entered Scraptown 1958 | -7/Scraptown | Visited Comm Corps 1974 | -7/Scraptown | Visited Assassins FH 2012 | -7/Scraptown | Visited TADAMA 2260 | -7/Scraptown | Visited UFD Registry 2269 | -7/Scraptown | Visited SPCMW 2294 | -7/Scraptown | Registered with UFD as "Nulleater" 2345 | -7/Scraptown | Visited Research Penetration Think Tank 2385 | -7/Scraptown | Delivered Scrap Shield to a Scientist 2581 | -7/Scraptown | Visited Cartography Club 2634 | -7/Scraptown | Visited Abandonware Association 2666 | -7/Scraptown | Visited Derelict Rescue Squad 2674 | -7/Scraptown | Found DRS Beacon 2704 | -7/Scraptown | Visited Scrapoid Pod Storage 2712 | -7/Scraptown | Found Scrapoid Pod 2737 | -7/Scraptown | Visited Infowarlord's Domain 2897 | -7/Scraptown | Visited Spacefarers 3093 | -7/Scraptown | Discovered new exit (range 5) 3140 | -7/Scraptown | Scanned Subdweller tech in exchange for log data 3144 | -7/Scraptown | Self-destructed Last Messages --------------- 02737_ LOCAL NARROWCAST: Infowarlord's Domain. 02783_ A sign before the barrier simply reads "NO DIGGING". 02897_ LOCAL NARROWCAST: Spacefarers. To infinity and beyond! ER-1CK(x): I'll admit some of us thought our aim to put Derelicts in space was little more than a pipe dream, then we found the group preparing to do just that over near 0b10. SPACEJUNK will carry us into a new age. LY-N5D(j): If you ever see the famous Tracking Blade fly by, you know whoever it's going for is in for a bad time. BP-LR4's a beast with that thing. 03063_ 6F-SKC(p): "Psst-beep! Hey Nulleater, over here!" 03093_ EXIT=FOUND 92-MVR(c): Hi Nulleater! Have any Subdweller tech on you? Just step into our machine here for a quick scan and we'll reward you with valuable knowledge for your troubles. QUICKSCAN^tm: Scanned 1 Subdweller components. Printing 1 log. 03142_ 92-MVR(c): "Thank you! May your journeys be full of scrap!" 03143_ Acquired derelict log, extracted data. Data stored: Upper Caves entrances (x1). Map ----- +----------------------------------------------------+ | | | | | | | | | | | ?????????????????????????????????????????????????? | | ??????????????#########??????????????????????????? | | ??????????????#"" ##?????????????????????????? | | ??????????????#" < #?####################????? | | ??#########???#"" ###"""""""""#"""""""""#????? | | ??#"""""""#???##### #?#" "#" "#????? | | ??#"" ""#???????# #?#" """ "#????? | | ??#"" ""#???????# #?#" "#" "" "#????? | | #?#""" ""#???????# #?#" """ "#" " "#????? | | #?#"" ""#??????## ###" "#" "#????? | | ###""" """######## ##"""""" ""#"" """"""#????? | | #????? | | #????? | | #????? | | ###### ########### ##########"" """"#####????? | | ###### ######????## ##????????#" $"#????????? | | #""""" """""#####?# #########?#" ""#????????? | | #" " " #?# """"""""#?#" """#????????? | | #" " " "### ### " c ""#?#" """#????????? | | #" " " "#"" """ "#?#"""""""#????????? | | #""""" """""#" """ " @ ""#?#######??????????? | | ###### ######" " """"""""#??????????????????? | | #""""" """""#" ##"""####??????????????????? | | #" " " "#" "" "j ##############?????????????? | | #" " " "#" " #??# #?????????????? | | " " "#"""""" #??# #?????????????? | | #""""" """""####### #??# """"" #?????????????? | | ###### ######?????# #??# """"" #?????????????? | | ###### ############ #??# """"" #?????????????? | | #??# #?????????????? | | #??# #????????? ??? | | ################### #??# #???????? ??? | | ?????????????????# #??# #???????? ???? | | #?????????######### ########## ########### ####? | | #???????###""" # #? | | #?????###"" # #? | | #?????# " # #? | | #?????# " #? | | #?????# " # #? | | #?????# " # ################# #? | | #?????# " # #???????????????# #? | | #?????# " # #?????########### #? | | #?????# " # #?????# ## #? | | #?????# " # #????# """""" #? | | #?????###"" # #????# "" "" # #? | +----------------------------------------------------+ Best States ------------- Heat Dissipation 25 Energy Generation 10 Energy Capacity 400 Matter Stores 300 Matter Capacity 300 Sight Range 16 Terrain Scan Density 10 Armor Coverage 800 Resistance: KI 10 Evasion (%) 44 Item Schematics ----------------- None Robot Schematics ------------------ None Fabricated ------------ Nothing Repaired ---------- Nothing Studied --------- None Alien Tech Used ----------------- None Achievements -------------- Do Not Disturb SUBSUB Challenges ------------ None Game ------ Seed WaveLauncherClaymores Manual? 0 Play Time 01:00:28 Cumulative 162.0 hours Start 2026.03.12 @ 02:34:55 End 2026.03.16 @ 20:17:59 Sessions 5 Manual Loads 0 Difficulty Rogue Special Mode None Game No. 174 Rogue 174 Adventurer 0 Explorer 0 Win Type - Total 0 Types 0/0/0/0/0/0/0/0/0/0 Lore% 56 Gallery% 45 Achievement% 32 Wizard Run 0 Options --------- Layout 0 ASCII 0 Keyboard 0 Movement Arrows Keybinds 0 Fullscreen 0 Font 16/SmallcapsGlow Map View 76x50 Zoom Use 0% Tactical HUD 1 Map Filters NONE Filters NONE Steam 1 RUN: 4b68c2e8-2bbf-4076-b329-ac6e2988bbb1